 Dungeon Crawl Stone Soup version 0.31.0-32-g396128a36d (webtiles) character file.

Game seed: 3742325637432244179

30 Gabide the Conjurer (level 3, -1/18 (28) HPs)
             Began as a Demonspawn Reaver on Apr 8, 2024.
             Slain by Terence
             ... wielding a +0 flail
              (3 damage)
             ... on level 2 of the Dungeon.
             The game lasted 00:04:12 (1072 turns).

Gabide the Conjurer (Demonspawn Reaver)             Turns: 1072, Time: 00:04:14

HP:   -1/18 (28)    AC:  3    Str: 12    XL:     3   Next: 3%
MP:   5/6           EV: 11    Int: 15    God:
Gold: 19            SH:  0    Dex: 11    Spells: 5/6 levels left

rFire   . . .        a - +3 dagger
rCold   . . .        (no shield)
rNeg    . . .        b - +0 leather armour
rPois   .            (no helmet)
rElec   .            (no cloak)
rCorr   .            (no gloves)
SInv    .            (no boots)
Will    .....        (no amulet)
Stlth   +            (no ring)
HPRegen 0.23/turn    (no ring)
MPRegen 0.10/turn

%: no passive effects
@: very heavily drained
A: demonic guardian 1
a: no special abilities


You were on level 2 of the Dungeon.
You visited 1 branch of the dungeon, and saw 2 of its levels.

You collected 19 gold pieces.

Inventory:

Hand Weapons
 a - a +3 dagger (weapon)
Armour
 b - a +0 leather armour (worn)
Scrolls
 e - a scroll of blinking {unknown}


   Skills:
 + Level 2.3 Fighting
 + Level 2.9 Short Blades
 + Level 0.7 Armour
 + Level 2.0 Dodging
 + Level 0.9 Stealth
 * Level 2.2 Spellcasting
 * Level 3.0 Conjurations
 * Level 0.0 Earth Magic


You had 5 spell levels left.
You knew the following spells:

 Your Spells              Type           Power      Damage    Failure   Level
a - Kiss of Death         Conj/Necr      24%        2d7       16%         1

Your spell library contained the following spells:

 Spells                   Type           Power      Damage    Failure   Level
 Momentum Strike          Conj/Tloc      12%        3d8       22%         2
 Sandblast                Erth           2%         2d4       28%         1
 Jinxbite                 Hex            2%         N/A       38%         2
 Hailstorm                Conj/Ice       6%         3d5       41%         3
 Stone Arrow              Conj/Erth      12%        3d7       41%         3
 Passwall                 Erth           1%         N/A       63%         3
 Summon Ice Beast         Ice/Summ       1%         N/A       63%         3
 Brom's Barrelling Bould  Conj/Erth      6%         2d3       83%         4
 Summon Mana Viper        Hex/Summ       1%         N/A       100%        5
 Yara's Violent Unravell  Hex/Alch       0%         3d3       100%        5
 Enfeeble                 Hex            0%         N/A       100%        7
 Monstrous Menagerie      Summ           0%         N/A       100%        7


Dungeon Overview and Level Annotations

Branches:
Dungeon (2/15)

Altars:

Shops:
D:1 (:=*

Annotations:
D:2 Terence


Innate Abilities, Weirdness & Mutations

A weak demonic guardian rushes to your aid.


Message History

Your quasit bites Terence but does no damage.
Your quasit claws Terence.
Your quasit barely misses Terence.
The goblin hits you with a +0 dagger.
* * * LOW HITPOINT WARNING * * *
Terence looks scornfully at you.
Your quasit bites the goblin.
Your quasit claws the goblin.
The goblin dies!
Terence attacks as he pursues you! Terence barely misses you.
You have nothing you can fire or use right now.
You aren't carrying any potions.
You have nothing you can fire or use right now.
Aiming: Kiss of Death (safe; 16% risk of failure)
Press: ? - help, Q - select action Shift-Dir - straight line, f - Terence
Aim: Terence, wielding a +0 flail and wearing a +0 chain mail (lightly wounded, ally target, 100% to hit)
The negative energy hits Terence.
Terence is drained!
Terence is moderately wounded.
You feel drained.
Your quasit bites Terence but does no damage.
Your quasit barely misses Terence.
Your quasit claws Terence but does no damage.
Terence completely misses you.
Your quasit bites Terence but does no damage.
Your quasit claws Terence but does no damage. x2
Terence attacks as he pursues you! Terence barely misses you.
You barely miss Terence. Your punch misses Terence.
Terence is moderately wounded.
Your quasit bites Terence but does no damage.
Your quasit closely misses Terence.
Your quasit claws Terence but does no damage.
Terence hits you with a +0 flail.
* * * LOW HITPOINT WARNING * * *
A demonic guardian appears!
Unknown command.
Your quasit bites Terence.
Your quasit claws Terence but does no damage.
Your quasit closely misses Terence.
Terence says, "How do you enjoy it?" Terence attacks as he pursues you!
Terence hits you with a +0 flail.
You die...
Terence says, "That felt goooood."

...#### #....#
#....## #.#..##
#..#..## ##.#
##.†...# ...#
####..###....#
#########.).##....#
#.).5@@.55.......#
....#######...#....#
# ##.......#
##.....##.#
#<..#..##.#
#.#.#####.#
#.#...##..#
..###..#.## ####
##...#


You could see Terence (very drained, ally target), a friendly quasit (summoned)
and 2 friendly shadow imps.

Vanquished Creatures
  3 bats
  2 endoplasms (D:1)
  A giant cockroach (D:1)
  A goblin (D:1)
  2 hobgoblins (D:1)
  5 kobolds (D:1)
  3 quokkas (D:1)
  6 ball pythons (D:1)
  A frilled lizard (D:1)
  3 rats (D:1)
27 creatures vanquished.

Vanquished Creatures (collateral kills)
  A goblin (D:2)
1 creature vanquished.

Grand Total: 28 creatures vanquished

Notes
Turn   | Place    | Note
-------+----------+-------------------------------------------
     0 | D:1      | Gabide the Demonspawn Reaver began the quest for the Orb.
     0 | D:1      | Reached XP level 1. HP: 16/16 MP: 3/3
   184 | D:1      | Gained mutation: A weak demonic guardian rushes to your
                  | aid. [demonic ancestry]
   184 | D:1      | Reached XP level 2. HP: 12/19 MP: 3/5
   523 | D:1      | Found Siuw's Antique Weapon Shoppe.
   568 | D:1      | Found Utuxt's Jewellery Shop.
   601 | D:1      | Found Kympah's Book Emporium.
   685 | D:1      | Found Oley's General Store.
  1047 | D:2      | Reached XP level 3. HP: 22/23 MP: 6/6
  1048 | D:2      | Noticed Terence
  1061 | D:2      | HP: 1/23 [goblin/+0 dagger (2)]
  1072 | D:2      | Slain by Terence

Illustrated notes

Levels and vault maps discovered:
D:1:      dpeg_arrival_prison, layout_loops_ring, serial_shops, shop, shop,
          shop, shop_statue
D:2:      layout_rooms, nicolae_ecumenical_oubliette, basic_altar, minmay_puff,
          uniq_robin, uniq_crazy_yiuf_cottage, uniq_terence

Skill      XL: |  1  2 |
---------------+-------+-----
Dodging        | 2 |  2.0
Fighting       | |  2.3
Short Blades   | |  2.9
Armour         | |  0.7
Stealth        | |  0.9
Spellcasting   | |  2.2
Conjurations   | |  3.0

Action                     || total
---------------------------++-------
  Melee: Short sword       ||    53
         Punch             ||     2
         Dagger            ||    45
   Cast: Kiss of Death     ||     4
    Use: Scroll            ||     2
         Potion            ||     2
   Stab: Sleeping          ||     1
 Armour: Leather armour    ||    62
  Dodge: Dodged            ||    55
